 Dungeon Crawl Stone Soup version 0.16.1-11-g651b585 (webtiles) character file.

114 Chiseanne the Skirmisher (level 4, -11/34 HPs)
             Began as a Mummy Wanderer on Mar 30, 2015.
             Was an Initiate of Gozag.
             Mangled by an ogre
             ... wielding a cursed -3 giant club
              (20 damage)
             ... on level 4 of the Dungeon.
             The game lasted 00:06:35 (3035 turns).

Chiseanne the Skirmisher (Mummy Wanderer)           Turns: 3035, Time: 00:06:36

Health: -11/34     AC:  8    Str: 15    XL:     4   Next: 67%
Magic:  4/4        EV: 10    Int: 10    God:    Gozag
Gold:   152        SH:  4    Dex: 13    Spells: 0 memorised, 3 levels left

rFire  x . .     SeeInvis +     o - +0 short sword (speed)
rCold  + . .     Clarity  .     d - +0 ring mail
rNeg   + + +     SustAb   .     c - +0 buckler
rPois  ∞         Gourm    .     e - +1 helmet
rElec  .         Spirit   .     (no cloak)
rCorr  .         Warding  .     (no gloves)
rMut   .         Stasis   .     k - +0 pair of boots
MR     .....                    (no amulet)
Stlth  +.........               (no ring)
                                m - ring of see invisible

@: not resistant to hostile enchantments, very unstealthy
A: no food or potions, fire vulnerability, restore body, cold resistance 1,
negative energy resistance 3, poison resistance, torment resistance, unbreathing
a: Potion Petition, Call Merchant, Bribe Branch, Renounce Religion


You were on level 4 of the Dungeon.
You worshipped Gozag.
Gozag was noncommittal.
You were not hungry.

You visited 1 branch of the dungeon, and saw 4 of its levels.

You collected 251 gold pieces.
You paid 99 gold pieces to Gozag.

Inventory:

Hand weapons
 a - a +2 short sword
 o - a +0 short sword of speed (weapon)
Missiles
 f - 20 poisoned needles
 i - 14 sling bullets
 l - 12 sling bullets of frost
 p - 21 bolts
Armour
 c - a +0 buckler (worn)
 d - a +0 ring mail (worn)
 e - a +1 helmet (worn)
 k - a +0 pair of boots (worn)
Jewellery
 m - a ring of see invisible (left hand)
Scrolls
 b - a scroll of identify
 h - 2 scrolls of blinking
 j - a scroll of teleportation
 n - 2 scrolls of remove curse


   Skills:
 * Level 2.7 Fighting
 - Level 2.4 Short Blades
   Level 1.0 Maces & Flails
 - Level 1.5 Armour
 * Level 2.0 Dodging
 - Level 1.0 Stealth
 * Level 2.0 Shields
   Level 1.0 Evocations


You had 3 spell levels left.
You didn't know any spells.

Dungeon Overview and Level Annotations

Branches:
Dungeon (4/15)
 Temple: D:4-7

Altars:
Dithmenos
Gozag
Okawaru


Innate Abilities, Weirdness & Mutations

You do not eat or drink.
Your flesh is vulnerable to fire.
Your flesh is cold resistant.
You are immune to negative energy.
Your system is resistant to poisons.
You are immune to unholy pain and torment.
You can survive without breathing.


Message History

The ogre hits you with a giant club!
You barely miss the ogre.
The ogre is heavily wounded.
You hit the ogre.
The ogre is severely wounded.
The ogre barely misses you.
You hit the ogre.
The ogre is severely wounded.
You barely miss the ogre.
The ogre is severely wounded.
The ogre hits you with a giant club!
* * * LOW HITPOINT WARNING * * *
You hit the ogre.
The ogre is almost dead.
You hit the ogre but do no damage.
The ogre is almost dead.
The ogre hits you with a giant club!!
Ouch! That really hurt!
You die...
Your body crumbles into a pile of gold.

...###..... ..#
............ ##.#
#...........##..# #.
#..<.........#..# #...
...##...........# ...
...####.......... ..# .#
................##..#..#
...###≈###..#...#......##
...#.#≈#.#......@O.......
.###.#≈#.###.#....##.####
.....#≈#........###..#
.###.#≈#.###.........#
...#.#≈#.#.....#####.#
...###≈###.###.#
.#.........# ###
...#....#### ##.######


You could see an ogre.

Vanquished Creatures
  4 adders
  2 giant mites
  2 worms
  4 giant geckos
  6 bats
  4 giant cockroaches
  6 hobgoblins
  7 kobolds
  A ball python (D:3)
  2 giant newts
  6 goblins
  6 rats
50 creatures vanquished.

Notes
Turn   | Place    | Note
--------------------------------------------------------------
     0 | D:1      | Chiseanne, the Mummy Wanderer, began the quest for the Orb.
     0 | D:1      | Chiseanne set off with: a +2 short sword, a +0 buckler, a +0 robe
     0 | D:1      | Reached XP level 1. HP: 15/15 MP: 1/1
   407 | D:1      | Reached skill level 1 in Dodging
   407 | D:1      | Reached XP level 2. HP: 15/21 MP: 2/2
  1289 | D:2      | Reached XP level 3. HP: 24/27 MP: 3/3
  1860 | D:2      | Reached XP level 4. HP: 27/34 MP: 4/4
  2512 | D:3      | Found an opulent altar of Gozag.
  2520 | D:3      | Found an iron altar of Okawaru.
  2541 | D:3      | Became a worshipper of Gozag Ym Sagoz the Greedy
  2686 | D:3      | Found a shadowy altar of Dithmenos.
  3021 | D:4      | Noticed an ogre
  3035 | D:4      | Mangled by an ogre

Action                   |  1- 3 |  4- 6 || total
-------------------------+-------+-------++-------
Melee: Short sword       |   141 |    65 ||   206
Throw: Throwing net      |       |     1 ||     1
  Use: Scroll            |       |     6 ||     6
 Stab: Held in net/web   |       |     1 ||     1
